 Dungeon Crawl Stone Soup version 0.15.2 (webtiles) character file.

7834 bullock the Conjurer (level 11, 0/62 HPs)
             Began as a Gargoyle Wizard on Nov 26, 2014.
             Was a Priest of Vehumet.
             Shot with a bolt by an orc warrior (16 damage)
             ... in a bailey.
             The game lasted 00:50:59 (14440 turns).

bullock the Conjurer (Gargoyle Wizard)             Turns: 14440, Time: 00:50:59

HP   0/62        AC 15     Str 12      XL: 11   Next: 21%
MP   0/27        EV 11     Int 24      God: Vehumet [***...]
Gold 362         SH  0     Dex 13      Spells:  7 memorised,  6 levels left

rFire  + . .     SeeInvis .     S - staff of conjuration
rCold  . . .     Clarity  .     E - +3 leather armour of Odghesus {rF+ Stlth+}
rNeg   + . .     rCorr    .     (no shield)
rPois  +         rRot     +     n - +0 helmet {Int+3}
rElec  +         Spirit   +     L - +0 cloak
SustAb .         Warding  .     (no gloves)
rMut   .         Stasis   .     (no boots)
Gourm  .                        z - amulet of guardian spirit
MR     .....                    P - ring of wizardry
                                f - +5 ring of dexterity

@: repel missiles, not resistant to hostile enchantments, fairly stealthy
A: negative energy resistance 1, electricity resistance, unbreathing,
petrification resistance, rot immunity, AC +7
a: Renounce Religion


You were in a bailey.
You worshipped Vehumet.
Vehumet was most pleased with you.
You were very hungry.

You visited 2 branches of the dungeon, and saw 11 of its levels.
You also visited: Sewer and Bailey.

You collected 608 gold pieces.
You spent 246 gold pieces at shops.

Inventory:

Armour
 n - a +0 helmet of intelligence (worn)
 q - a +0 helmet
 E - the +3 leather armour of Odghesus (worn) {rF+ Stlth+}
   (You found it on level 4 of the Dungeon)

   It protects you from fire.
   It makes you more stealthy.
 L - a +0 cloak (worn)
Magical devices
 t - a wand of flame (9)
 J - a wand of enslavement (18)
 N - a wand of fireball (3) {unknown}
Comestibles
 a - 4 slices of pizza
 d - 8 bread rations
 g - a royal jelly
 O - a rotting chunk of gnoll flesh
 Q - a chunk of worker ant flesh
 R - 4 fruits
Scrolls
 b - 5 scrolls of immolation
 e - 5 scrolls of remove curse
 h - 3 scrolls of enchant weapon
 i - a scroll of brand weapon {unknown}
 l - a scroll of summoning {unknown}
 m - a scroll of fear {unknown}
 o - 7 scrolls of teleportation
 r - 2 scrolls of recharging {unknown}
 v - 2 scrolls of enchant armour {unknown}
 y - a scroll of amnesia {unknown}
 C - a scroll of blinking {unknown}
 F - a scroll of vulnerability {unknown}
 I - a scroll of fog {unknown}
 M - 2 scrolls of magic mapping {unknown}
Jewellery
 f - a +5 ring of dexterity (left hand)
 z - an amulet of guardian spirit (around neck)
 P - a ring of wizardry (right hand)
Potions
 j - 8 potions of curing
 k - a potion of lignification {unknown}
 p - a potion of degeneration {unknown}
 s - 2 potions of resistance
 u - 3 potions of haste
 w - a potion of porridge
 A - a potion of flight
 B - 2 potions of brilliance
 G - 4 potions of heal wounds
 H - a potion of berserk rage {unknown}
Books
 c - a book of Minor Magic

   Spells                             Type                      Level
   *Magic Dart                        Conjuration                  1
   *Blink                             Translocation                2
   Call Imp                           Summoning                    2
   *Repel Missiles                    Charms/Air                   2
   Slow                               Hexes                        2
   *Conjure Flame                     Conjuration/Fire             3
   *Mephitic Cloud                    Conjuration/Poison/Air       3
 x - a book of Flames

   Spells                             Type                      Level
   Flame Tongue                       Conjuration/Fire             1
   Throw Flame                        Conjuration/Fire             2
   *Conjure Flame                     Conjuration/Fire             3
   Inner Flame                        Hexes/Fire                   3
   *Sticky Flame                      Conjuration/Fire             4
   *Fireball                          Conjuration/Fire             5
 D - a book of Envenomations

   Spells                             Type                      Level
   Spider Form                        Transmutation/Poison         3
   Alistair's Intoxication            Transmutation/Poison         4
   Olgreb's Toxic Radiance            Poison                       4
   Poisonous Cloud                    Conjuration/Poison/Air       6
 K - a Grand Grimoire {highlevel}

   This book is beyond your current level of understanding.

   Spells                             Type                      Level
   Aura of Abjuration                 Summoning                    6
   Forceful Dismissal                 Summoning                    6
   Summon Greater Demon               Summoning                    7
   Malign Gateway                     Summoning/Translocation      7
   Summon Horrible Things             Summoning                    8
Magical staves
 S - an uncursed staff of conjuration (weapon)


   Skills:
 + Level 4.7 Fighting
 - Level 1.5 Dodging
 - Level 2.1 Stealth
 + Level 8.0 Spellcasting
 + Level 11.0 Conjurations
   Level 0.8 Summonings
 - Level 6.1 Translocations
 * Level 7.6 Fire Magic


You had 6 spell levels left.
You knew the following spells:

 Your Spells              Type           Power        Failure   Level  Hunger
a - Magic Dart            Conj           ####         1%          1    None
e - Fireball              Conj/Fire      ######....   1%          5    ####...
f - Conjure Flame         Conj/Fire      ######..     1%          3    None
q - Blink                 Tloc           N/A          1%          2    None
r - Mephitic Cloud        Conj/Pois/Air  #####...     1%          3    None
v - Repel Missiles        Chrm/Air       #.....       4%          2    None
z - Sticky Flame          Conj/Fire      ######..     1%          4    ##.....


Dungeon Overview and Level Annotations

Branches:
Dungeon (10/15)            Temple (1/1) D:6
    Orc: D:9-12        Lair: D:8-11

Altars:
Ashenzari
Cheibriados
Dithmenos
Elyvilon
Fedhas
Kikubaaqudgha
Makhleb
Nemelex Xobeh
Okawaru
Qazlal
Sif Muna
Trog
Vehumet
Xom
Yredelemnul
Zin
The Shining One

Shops:
D:8 :[   D:9 !


Innate Abilities, Weirdness & Mutations

You are resistant to torment.
You are immune to poison.
Your stone body is very resilient (AC +7).
You resist negative energy.
You are resistant to electric shocks.
You can survive without breathing.
You are immune to petrification.
You are immune to rotting.


Message History

The orc warrior hits you from afar with a halberd.
The orc warrior hits you from afar with a halberd!
* * * LOW HITPOINT WARNING * * *
An orc warrior comes into view. It is wielding an arbalest.
The orc warrior shouts!
Things that are here:
a halberd; a ring mail What do you say? t - Shout!
Orders for allies: a - Attack new target. p - Attack previous target. r - Retreat! s - Stop attacking. w - Wait here. f - Follow me.
Anything else - Stay silent.
Gang up on whom?
Press: ? - help, Dir - move target cursor, f - orc warrior, p - orc warrior
Aim: an orc warrior, wielding a halberd and wearing a chain mail Attack!
Your orc warrior hits the orc warrior from afar with a halberd!
The orc warrior shoots a bolt.
The bolt hits you!
You die...

### ###### ##∩##
####
#.....##...##....
..≈≈≈..#...#..≈≈≈
#.≈≈)≈≈.......≈≈)≈≈
'.≈.))≈.......≈)).≈
#.≈≈)≈≈.@oo.).≈≈)≈≈
#..≈≈≈).#...#..≈≈≈.
#.o...##.∩.# ...§
###### ##∩## ###
###


You could see 2 orc warriors and a friendly orc warrior.

Vanquished Creatures
  A hydra (D:9)
  A troll (D:9)
  2 deep elf magi
  6 yaks (D:9)
  The ghost of gabygaby the Insei, an average DrTm (Sewer)
  A hungry ghost (D:8)
  Menkaure (D:7)
  A water moccasin (D:9)
  6 orc warriors
  4 ice beasts
  2 black bears
  4 sky beasts
  8 ogres
  2 centaurs (D:7)
  4 big kobolds (Sewer)
  A gnoll sergeant (D:7)
  Blork the orc (D:7)
  3 giant frogs
  A hippogriff zombie (D:9)
  4 scorpions
  3 electric eels (D:9)
  A jelly (D:6)
  3 crimson imps
  2 goliath beetles (D:7)
  9 orc priests
  8 worker ants
  7 hounds
  Natasha (thrice) (D:5)
  8 iguanas
  10 orc wizards
  An ogre zombie (D:3)
  A hound skeleton (D:7)
  18 adders
  4 gnolls (D:9)
  2 orc zombies
  2 green rats (Sewer)
  3 giant mites
  An inept feature mimic (D:4)
  2 orc skeletons (D:8)
  2 shadow imps (D:6)
  6 worms
  7 giant geckos
  10 oozes
  54 orcs
  A bat skeleton (D:4)
  9 giant cockroaches
  6 goblins
  7 hobgoblins
  13 jackals
  3 quokkas
  2 ball pythons
  12 bats
  7 giant newts
  2 giant spores
  23 kobolds
  18 rats
  2 rat zombies (D:6)
  17 ballistomycetes
343 creatures vanquished.

Vanquished Creatures (others)
  A rat (D:6)
1 creature vanquished.

Grand Total: 344 creatures vanquished

Notes
Turn   | Place    | Note
--------------------------------------------------------------
     0 | D:1      | bullock, the Gargoyle Wizard, began the quest for the Orb.
     0 | D:1      | Reached XP level 1. HP: 10/10 MP: 4/4
   156 | D:1      | Reached XP level 2. HP: 15/15 MP: 4/6
   383 | D:1      | Learned a level 2 spell: Blink
   386 | D:1      | Learned a level 2 spell: Repel Missiles
   867 | D:1      | Reached XP level 3. HP: 15/19 MP: 4/8
  1852 | D:2      | Reached XP level 4. HP: 24/24 MP: 0/10
  1939 | D:2      | Learned a level 3 spell: Conjure Flame
  2778 | D:3      | Reached skill level 4 in Conjurations
  2778 | D:3      | Reached XP level 5. HP: 18/28 MP: 3/12
  2875 | D:3      | Learned a level 3 spell: Mephitic Cloud
  3420 | D:4      | Reached skill level 5 in Conjurations
  3420 | D:4      | Reached XP level 6. HP: 28/32 MP: 5/15
  4466 | D:4      | Got a dazzling leather armour
  4477 | D:4      | Identified the +3 leather armour of Odghesus {rF+ Stlth+} (You found it on level 4 of the Dungeon)
  4485 | D:5      | Entered Level 5 of the Dungeon
  4504 | D:4      | Found a staircase to the Ecumenical Temple.
  4551 | D:4      | Reached skill level 1 in Translocations
  4591 | D:4      | the staircase to the Ecumenical Temple was a mimic.
  4764 | D:4      | Reached skill level 6 in Conjurations
  4764 | D:4      | Reached XP level 7. HP: 36/36 MP: 0/17
  5644 | D:5      | Found a white marble altar of Elyvilon.
  5792 | D:5      | Reached skill level 5 in Spellcasting
  5975 | D:5      | Noticed Natasha
  5980 | D:5      | Killed Natasha
  6116 | D:5      | Noticed Natasha
  6117 | D:5      | Killed Natasha
  6214 | D:5      | Noticed Natasha
  6216 | D:5      | Killed Natasha
  6502 | D:6      | Found a glowing drain.
  6514 | D:6      | Reached XP level 8. HP: 41/41 MP: 15/20
  6643 | Sewer    | Entered a sewer
  6701 | Sewer    | Reached skill level 7 in Conjurations
  6776 | Sewer    | Noticed gabygaby's ghost (average DrTm)
  6799 | Sewer    | Killed gabygaby's ghost
  7768 | D:6      | Found a staircase to the Ecumenical Temple.
  7778 | Temple   | Entered the Ecumenical Temple
  7787 | Temple   | Became a worshipper of Vehumet
  8172 | D:6      | Reached skill level 8 in Conjurations
  8172 | D:6      | Reached skill level 5 in Translocations
  8245 | D:6      | Found a shattered altar of Ashenzari.
  8291 | D:6      | Found a shadowy altar of Dithmenos.
  8687 | D:6      | Reached XP level 9. HP: 45/45 MP: 5/22
  8902 | D:6      | Found an ancient bone altar of Kikubaaqudgha.
  9405 | D:7      | Noticed Menkaure
  9424 | D:7      | Killed Menkaure
  9424 | D:7      | Reached skill level 9 in Conjurations
  9581 | D:7      | Acquired Vehumet's first power
  9581 | D:7      | Offered knowledge of Shock by Vehumet.
  9621 | D:7      | Reached skill level 1 in Fighting
  9736 | D:7      | Noticed Blork the orc
  9749 | D:7      | Killed Blork the orc
 10415 | D:7      | Learned a level 5 spell: Fireball
 10420 | D:7      | Learned a level 4 spell: Sticky Flame
 10440 | D:7      | Reached skill level 1 in Fire Magic
 10682 | D:7      | Found a blossoming altar of Fedhas.
 11068 | D:8      | Reached XP level 10. HP: 36/53 MP: 1/24
 11068 | D:8      | Reached skill level 10 in Conjurations
 11720 | D:8      | Offered knowledge of Searing Ray by Vehumet.
 11798 | D:8      | Found Pasedu's Book Boutique.
 11849 | D:8      | Found Mawk's Antique Armour Shop.
 11883 | D:8      | Bought a glowing helmet for 162 gold pieces
 12371 | D:8      | Reached skill level 5 in Fire Magic
 12642 | D:9      | Offered knowledge of Static Discharge by Vehumet.
 12884 | D:9      | Acquired Vehumet's second power
 13317 | D:9      | Noticed a seven-headed hydra
 13322 | D:9      | Killed a seven-headed hydra
 13322 | D:9      | Reached XP level 11. HP: 56/62 MP: 15/27
 13425 | D:9      | Found Vatuptid's Distillery.
 13428 | D:9      | Bought a potion of heal wounds for 36 gold pieces
 13428 | D:9      | Bought 2 potions of confusion for 24 gold pieces
 13428 | D:9      | Bought a potion of curing for 24 gold pieces
 13788 | D:9      | Offered knowledge of Dazzling Spray by Vehumet.
 14324 | D:10     | Entered Level 10 of the Dungeon
 14386 | D:10     | Found a flagged portal.
 14393 | Bailey   | Entered a bailey
 14435 | Bailey   | Reached skill level 11 in Conjurations
 14440 | Bailey   | Shot with a bolt by an orc warrior

Action                   |  1- 3 |  4- 6 |  7- 9 | 10-12 || total
-------------------------+-------+-------+-------+-------++-------
Melee: Unarmed           |     2 |       |       |       ||     2
       Short sword       |    24 |    58 |       |       ||    82
       Dagger            |       |     4 |    68 |       ||    72
       Staff             |       |       |    11 |   143 ||   154
       Spear             |       |       |    42 |       ||    42
 Cast: Magic Dart        |    66 |   150 |   423 |   127 ||   766
       Repel Missiles    |     1 |     1 |     3 |     1 ||     6
       Conjure Flame     |       |     2 |    19 |     6 ||    27
       Mephitic Cloud    |       |     5 |    11 |     4 ||    20
       Blink             |       |       |     4 |     6 ||    10
       Sticky Flame      |       |       |     8 |    37 ||    45
       Fireball          |       |       |     1 |    44 ||    45
Evoke: Wand              |       |       |       |     2 ||     2
  Use: Scroll            |       |       |     3 |    11 ||    14
 Stab: Sleeping          |     1 |       |     2 |     1 ||     4
       Confused          |       |       |     3 |       ||     3
  Eat: Chunk             |     3 |     7 |    17 |    19 ||    46
       Beef jerky        |       |     1 |       |       ||     1
       Meat ration       |       |       |     1 |       ||     1
       Pizza             |       |       |       |     1 ||     1
